TOP OF THE 1ST |
Bishop Amat HS batting - Pitching for Overland Park HS Triplets : RHP Tom Skiffington
|
Pitching: RHP Tom Skiffington
|
|
Batting: SHB Jimmy Wilson
|
0-0: Ball 1-0: Called Strike 1-1: Ball 2-1: Foul Ball, location: 2F 2-2: Ball 3-2: Fly out, F8 (Flyball, 8LM)
|
Batting: RHB Pat Hanna
|
0-0: Ball 1-0: SINGLE (Line Drive, 6MD)
|
Batting: RHB Will David
|
0-0: Foul Ball, location: 2F 0-1: Fly out, F9 (Flyball, 9M)
|
Batting: RHB Jim Norris
|
0-0: Ground out 5-3 (Groundball, 5L)
|
Top of the 1st over - 0 run(s), 1 hit(s), 0 error(s), 1 left on base; Bishop Amat HS 0 - Overland Park HS 0 |
BOTTOM OF THE 1ST |
Overland Park HS Triplets batting - Pitching for Bishop Amat HS : RHP Jim Snyder
|
Pitching: RHP Jim Snyder
|
|
Batting: LHB John Washington
|
0-0: Ground out U3 (Groundball, 3L)
|
Batting: LHB Jack Davis
|
0-0: SINGLE (Line Drive, 9S)
|
Batting: RHB Edgardo Morales
|
0-0: Ball 1-0: Foul Ball, location: 2F 1-1: Ball 2-1: DOUBLE (Line Drive, 5L) Jack Davis to third Runner from 3rd tries for Home, SAFE, throw made home
|
Batting: RHB Simon Plante
|
0-0: Ball 1-0: Fly out, F8 (Flyball, 8RM)
|
Batting: RHB T.J. Kaufman
|
0-0: Ball 1-0: Swinging Strike 1-1: Ground out 5-3 (Groundball, 56)
|
Bottom of the 1st over - 1 run(s), 2 hit(s), 0 error(s), 1 left on base; Bishop Amat HS 0 - Overland Park HS 1 |
TOP OF THE 2ND |
Bishop Amat HS batting - Pitching for Overland Park HS Triplets : RHP Tom Skiffington
|
Batting: RHB Alan Williams
|
0-0: Ball 1-0: Called Strike 1-1: Ball 2-1: Ball 3-1: Base on Balls
|
Batting: SHB Leonardo González
|
0-0: Called Strike 0-1: Ball 1-1: Ball 2-1: Fly out, F8 (Flyball, 89M)
|
Batting: RHB Javier Castillo
|
0-0: Foul Ball, location: 2F 0-1: Ball 1-1: Swinging Strike 1-2: Foul Ball, location: 2F 1-2: Foul Ball, location: 2F 1-2: Ball Alan Williams is caught stealing 2nd base 2-2: Strikes out looking
|
Top of the 2nd over - 0 run(s), 0 hit(s), 0 error(s), 0 left on base; Bishop Amat HS 0 - Overland Park HS 1 |
BOTTOM OF THE 2ND |
Overland Park HS Triplets batting - Pitching for Bishop Amat HS : RHP Jim Snyder
|
Batting: RHB Ben Simpson
|
0-0: Ball 1-0: Called Strike 1-1: Swinging Strike 1-2: Strikes out looking
|
Batting: RHB Lorne McClain
|
0-0: Called Strike 0-1: Ball 1-1: Ball 2-1: Ground out 4-3 (Groundball, 4M)
|
Batting: RHB Preston Church
|
0-0: Called Strike 0-1: Ball 1-1: Ball 2-1: Swinging Strike 2-2: Strikes out swinging
|
Bottom of the 2nd over - 0 run(s), 0 hit(s), 0 error(s), 0 left on base; Bishop Amat HS 0 - Overland Park HS 1 |
TOP OF THE 3RD |
Bishop Amat HS batting - Pitching for Overland Park HS Triplets : RHP Tom Skiffington
|
Batting: SHB José Ruíz
|
0-0: Ball 1-0: Ball 2-0: Ball 3-0: Called Strike 3-1: SINGLE (Line Drive, 89M)
|
Batting: LHB Edmund Stone
|
0-0: Called Strike 0-1: Swinging Strike 0-2: Strikes out swinging
|
Batting: SHB Jimmy Wilson
|
0-0: Ball Wild Pitch! José Ruíz to second 1-0: Ball 2-0: Called Strike 2-1: Ground out 4-3 (Groundball, 4) José Ruíz to third
|
Batting: RHB Pat Hanna
|
0-0: Ball 1-0: Called Strike 1-1: Called Strike 1-2: Foul Ball, location: 2F 1-2: Fly out, F8 (Flyball, 8LM)
|
Top of the 3rd over - 0 run(s), 1 hit(s), 0 error(s), 1 left on base; Bishop Amat HS 0 - Overland Park HS 1 |
BOTTOM OF THE 3RD |
Overland Park HS Triplets batting - Pitching for Bishop Amat HS : RHP Jim Snyder
|
Batting: RHB Nicolas Fillion
|
0-0: Foul Ball, location: 2F 0-1: Ball 1-1: Swinging Strike 1-2: Ball 2-2: DOUBLE (Groundball, 5L)
|
Batting: LHB John Washington
|
0-0: Ball 1-0: Foul Ball, location: 2F 1-1: Called Strike 1-2: Strikes out swinging
|
Batting: LHB Jack Davis
|
0-0: Called Strike 0-1: Ball 1-1: Called Strike 1-2: Foul Ball, location: 2F 1-2: Ground out 6-3 (Groundball, 6M) Nicolas Fillion to third
|
Batting: RHB Edgardo Morales
|
0-0: Ball 1-0: Ball 2-0: Fly out, F8 (Flyball, 8RD)
|
Bottom of the 3rd over - 0 run(s), 1 hit(s), 0 error(s), 1 left on base; Bishop Amat HS 0 - Overland Park HS 1 |
TOP OF THE 4TH |
Bishop Amat HS batting - Pitching for Overland Park HS Triplets : RHP Tom Skiffington
|
Batting: RHB Will David
|
0-0: Called Strike 0-1: Foul Ball, location: 2F 0-2: Ball 1-2: Strikes out swinging
|
Batting: RHB Jim Norris
|
0-0: Fly out, F8 (Popup, 8LS)
|
Batting: RHB Alan Williams
|
0-0: Ball 1-0: Ball 2-0: Called Strike 2-1: Ball 3-1: Called Strike 3-2: Base on Balls
|
Batting: SHB Leonardo González
|
0-0: Ball 1-0: Ball 2-0: Called Strike 2-1: Foul Ball, location: 2F 2-2: Ball 3-2: Base on Balls Alan Williams to second
|
Batting: RHB Javier Castillo
|
0-0: Ball 1-0: Called Strike 1-1: Swinging Strike 1-2: Strikes out swinging
|
Top of the 4th over - 0 run(s), 0 hit(s), 0 error(s), 2 left on base; Bishop Amat HS 0 - Overland Park HS 1 |
BOTTOM OF THE 4TH |
Overland Park HS Triplets batting - Pitching for Bishop Amat HS : RHP Jim Snyder
|
Batting: RHB Simon Plante
|
0-0: Ball 1-0: Swinging Strike 1-1: Swinging Strike 1-2: Strikes out looking
|
Batting: RHB T.J. Kaufman
|
0-0: SINGLE (Groundball, 34)
|
Batting: RHB Ben Simpson
|
0-0: Ball 1-0: Foul Ball, location: 2F 1-1: Called Strike 1-2: Fly out, F5 (Popup, 5SF)
|
Batting: RHB Lorne McClain
|
0-0: Called Strike 0-1: Called Strike 0-2: Ball 1-2: Ball 2-2: Ground out 5-3 (Groundball, 5L)
|
Bottom of the 4th over - 0 run(s), 1 hit(s), 0 error(s), 1 left on base; Bishop Amat HS 0 - Overland Park HS 1 |
TOP OF THE 5TH |
Bishop Amat HS batting - Pitching for Overland Park HS Triplets : RHP Tom Skiffington
|
Batting: SHB José Ruíz
|
0-0: Called Strike 0-1: Ball 1-1: Ball 2-1: Ball 3-1: Foul Ball, location: 2F 3-2: Strikes out swinging
|
Batting: LHB Edmund Stone
|
0-0: Ball 1-0: Foul Ball, location: 2F 1-1: Called Strike 1-2: DOUBLE (Line Drive, 89M)
|
Batting: SHB Jimmy Wilson
|
0-0: Ball 1-0: SINGLE (Line Drive, 89S) Edmund Stone to third Runner from 3rd tries for Home, SAFE, no throw or cutoff
|
Batting: RHB Pat Hanna
|
0-0: Called Strike 0-1: Foul Ball, location: 2F 0-2: Foul Ball, location: 2F 0-2: Strikes out looking
|
Pitching: RHP Eric Klein
|
|
Batting: RHB Will David
|
0-0: Ball 1-0: Called Strike 1-1: Ball 2-1: Foul Ball, location: 2F 2-2: Ball 3-2: Base on Balls Jimmy Wilson to second
|
Batting: RHB Jim Norris
|
0-0: Called Strike 0-1: Ball 1-1: Ball 2-1: Fly out, F8 (Flyball, 8RM)
|
Top of the 5th over - 1 run(s), 2 hit(s), 0 error(s), 2 left on base; Bishop Amat HS 1 - Overland Park HS 1 |
BOTTOM OF THE 5TH |
Overland Park HS Triplets batting - Pitching for Bishop Amat HS : RHP Jim Snyder
|
Batting: RHB Preston Church
|
0-0: Swinging Strike 0-1: Ball 1-1: Ball 2-1: Swinging Strike 2-2: SINGLE (Line Drive, 9S)
|
Batting: RHB Nicolas Fillion
|
0-0: Foul Ball, location: 2F 0-1: Ball 1-1: Ball 2-1: Fielders Choice at 2nd, 5-4 (Groundball, 56)
|
Batting: LHB John Washington
|
0-0: Ball Nicolas Fillion is caught stealing 2nd base 1-0: Ball 2-0: Foul Ball, location: 2F 2-1: Called Strike 2-2: Foul Ball, location: 2F 2-2: Ball 3-2: Foul Ball, location: 2F 3-2: Fly out, F9 (Flyball, 9M)
|
Bottom of the 5th over - 0 run(s), 1 hit(s), 0 error(s), 0 left on base; Bishop Amat HS 1 - Overland Park HS 1 |
TOP OF THE 6TH |
Bishop Amat HS batting - Pitching for Overland Park HS Triplets : RHP Eric Klein
|
Batting: RHB Alan Williams
|
0-0: Ball 1-0: Ball 2-0: Called Strike 2-1: Foul Ball, location: 2F 2-2: Ball 3-2: Base on Balls
|
Batting: SHB Leonardo González
|
0-0: Ball 1-0: Ball 2-0: Ball 3-0: Base on Balls Alan Williams to second
|
Batting: RHB Javier Castillo
|
0-0: Called Strike 0-1: Ball 1-1: Called Strike 1-2: Strikes out swinging
|
Batting: SHB José Ruíz
|
0-0: Called Strike Single, Error in OF, E8, batter to second base Alan Williams scores Leonardo González to third
|
Batting: LHB Edmund Stone
|
0-0: Called Strike 0-1: SINGLE (Line Drive, 34D) Leonardo González scores José Ruíz to third Runner from 3rd tries for Home, SAFE, no throw or cutoff
|
Pitching: RHP Ronald Crockett
|
|
Batting: SHB Jimmy Wilson
|
0-0: Ball Edmund Stone steals 2nd base 1-0: Intentional Walk
|
Batting: RHB Pat Hanna
|
0-0: Ball 1-0: Fly out, F6 (Line Drive, 6)
|
Batting: RHB Will David
|
0-0: Ball 1-0: Ball 2-0: Swinging Strike 2-1: Foul Ball, location: 2F 2-2: Strikes out swinging
|
Top of the 6th over - 3 run(s), 2 hit(s), 1 error(s), 2 left on base; Bishop Amat HS 4 - Overland Park HS 1 |
BOTTOM OF THE 6TH |
Overland Park HS Triplets batting - Pitching for Bishop Amat HS : RHP Jim Snyder
|
Batting: LHB Jack Davis
|
0-0: Ball 1-0: Foul Ball, location: 2F 1-1: Foul Ball, location: 2F 1-2: Foul Ball, location: 2F 1-2: Foul Ball, location: 2F 1-2: Strikes out looking
|
Batting: RHB Edgardo Morales
|
0-0: Called Strike 0-1: Called Strike 0-2: Ball 1-2: Strikes out swinging
|
Batting: RHB Simon Plante
|
0-0: Ball 1-0: Ball 2-0: Called Strike 2-1: Called Strike 2-2: Strikes out looking
|
Bottom of the 6th over - 0 run(s), 0 hit(s), 0 error(s), 0 left on base; Bishop Amat HS 4 - Overland Park HS 1 |
TOP OF THE 7TH |
Bishop Amat HS batting - Pitching for Overland Park HS Triplets : RHP Ronald Crockett
|
Batting: RHB Jim Norris
|
0-0: Called Strike 0-1: Ball 1-1: Ball 2-1: Ball 3-1: Ground out 5-3 (Groundball, 15S)
|
Batting: RHB Alan Williams
|
0-0: Called Strike 0-1: Ball 1-1: Ball 2-1: Ball 3-1: Base on Balls
|
Batting: SHB Leonardo González
|
0-0: Ball 1-0: 2-RUN HOME RUN (Flyball, 9D), Distance : 376 ft
|
Batting: RHB Javier Castillo
|
0-0: Reached on error, E5 (Groundball, 5)
|
Batting: SHB José Ruíz
|
0-0: Foul Ball, location: 2F 0-1: Ball Javier Castillo steals 2nd base 1-1: SINGLE (Groundball, 4MD) (infield hit) Javier Castillo to third
|
Batting: LHB Edmund Stone
|
0-0: Called Strike 0-1: Called Strike 0-2: Foul Ball, location: 2F 0-2: Strikes out swinging
|
Batting: SHB Jimmy Wilson
|
0-0: Called Strike 0-1: Foul Ball, location: 2F 0-2: Ball 1-2: Strikes out swinging
|
Top of the 7th over - 2 run(s), 2 hit(s), 1 error(s), 2 left on base; Bishop Amat HS 6 - Overland Park HS 1 |
BOTTOM OF THE 7TH |
Overland Park HS Triplets batting - Pitching for Bishop Amat HS : RHP Jim Snyder
|
Pitching: RHP Edward Armstrong
|
|
Batting: RHB T.J. Kaufman
|
0-0: Called Strike 0-1: Ground out 4-3 (Groundball, 4M)
|
Batting: RHB Ben Simpson
|
0-0: Ball 1-0: Swinging Strike 1-1: Ball 2-1: Called Strike 2-2: Strikes out swinging
|
Batting: RHB Lorne McClain
|
0-0: Foul Ball, location: 2F 0-1: Ball 1-1: Ball 2-1: Ball 3-1: SINGLE (Line Drive, 56)
|
Batting: RHB Preston Church
|
0-0: Fly out, F6 (Popup, 56D)
|
Bottom of the 7th over - 0 run(s), 1 hit(s), 0 error(s), 1 left on base; Bishop Amat HS 6 - Overland Park HS 1 |
TOP OF THE 8TH |
Bishop Amat HS batting - Pitching for Overland Park HS Triplets : RHP Ronald Crockett
|
Batting: RHB Pat Hanna
|
0-0: Ball 1-0: Foul Ball, location: 2F 1-1: Foul Ball, location: 2F 1-2: SINGLE (Groundball, 6MD)
|
Batting: RHB Will David
|
0-0: Grounds into double play, 5-4-3 (Groundball, 56)
|
Batting: RHB Jim Norris
|
0-0: Ball 1-0: Ball 2-0: Ball 3-0: Called Strike 3-1: Foul Ball, location: 2F 3-2: Hit by Pitch
|
Pitching: RHP Nacho Ortíz
|
|
Batting: RHB Alan Williams
|
0-0: Ball Jim Norris is caught stealing 2nd base
|
Top of the 8th over - 0 run(s), 1 hit(s), 0 error(s), 0 left on base; Bishop Amat HS 6 - Overland Park HS 1 |
BOTTOM OF THE 8TH |
Overland Park HS Triplets batting - Pitching for Bishop Amat HS : RHP Edward Armstrong
|
Now at C: David Morgan
|
|
Now in LF: Edgardo Aguilar
|
|
Batting: RHB Nicolas Fillion
|
0-0: Ball 1-0: Ball 2-0: Called Strike 2-1: SINGLE (Groundball, 4M)
|
Batting: LHB John Washington
|
0-0: Swinging Strike 0-1: SINGLE (Groundball, 34) Nicolas Fillion to second Runner from 2nd tries for 3rd, OUT! John Washington to second
|
Batting: LHB Jack Davis
|
0-0: Ball 1-0: Ball 2-0: SINGLE (Line Drive, 7LS) John Washington to third Runner from 3rd tries for Home, throw and OUT!
|
Batting: RHB Edgardo Morales
|
0-0: Ball 1-0: Foul Ball, location: 2F 1-1: Ball 2-1: Ground out 5-3 (Groundball, 5)
|
Bottom of the 8th over - 0 run(s), 3 hit(s), 0 error(s), 1 left on base; Bishop Amat HS 6 - Overland Park HS 1 |
TOP OF THE 9TH |
Bishop Amat HS batting - Pitching for Overland Park HS Triplets : RHP Nacho Ortíz
|
Batting: RHB Alan Williams
|
0-0: Ball 1-0: Ball 2-0: SINGLE (Line Drive, 78M)
|
Batting: SHB Leonardo González
|
0-0: Grounds into double play, 4-6-3 (Groundball, 4)
|
Batting: RHB Javier Castillo
|
0-0: Called Strike 0-1: Called Strike 0-2: SINGLE (Line Drive, 8RS)
|
Batting: SHB José Ruíz
|
0-0: Ball Wild Pitch! Javier Castillo to second 1-0: Ball 2-0: Foul Ball, location: 2F 2-1: Fly out, F7 (Flyball, 78M)
|
Top of the 9th over - 0 run(s), 2 hit(s), 0 error(s), 1 left on base; Bishop Amat HS 6 - Overland Park HS 1 |
BOTTOM OF THE 9TH |
Overland Park HS Triplets batting - Pitching for Bishop Amat HS : RHP Edward Armstrong
|
Batting: RHB Simon Plante
|
0-0: Called Strike 0-1: Called Strike 0-2: Foul Ball, location: 2F 0-2: Ball 1-2: Foul Ball, location: 2F 1-2: Strikes out swinging
|
Batting: RHB T.J. Kaufman
|
0-0: Ball 1-0: Foul Ball, location: 2F 1-1: Foul Ball, location: 2F 1-2: Foul Ball, location: 2F 1-2: Foul Ball, location: 2F 1-2: Ball 2-2: SINGLE (Groundball, 56D)
|
Pitching: RHP Bruno Poulin
|
|
Batting: RHB Ben Simpson
|
0-0: Ball 1-0: Ball 2-0: Grounds into double play, 5-4-3 (Groundball, 5)
|
Bottom of the 9th over - 0 run(s), 1 hit(s), 0 error(s), 0 left on base; Bishop Amat HS 6 - Overland Park HS 1 |
|